 Dungeon Crawl Stone Soup version 0.20.1-1-g8b1a95d (webtiles) character file.

95 Mimshu the Stinger (level 4, -1/24 HPs)
             Began as a Deep Elf Venom Mage on Nov 30, 2017.
             Slain by Natasha (5 damage)
             ... on level 2 of the Dungeon.
             The game lasted 00:09:33 (3531 turns).

Mimshu the Stinger (Deep Elf Venom Mage)            Turns: 3531, Time: 00:09:33

Health: -1/24      AC:  2    Str:  5    XL:     4   Next: 40%
Magic:  6/12       EV: 13    Int: 21    God:
Gold:   39         SH:  0    Dex: 15    Spells: 8/11 levels left

rFire    . . .     SeeInvis .   l - +0 short sword
rCold    . . .     Gourm    .   (no shield)
rNeg     . . .     Faith    .   a - +0 robe
rPois    .         Spirit   .   (no helmet)
rElec    .         Reflect  .   (no cloak)
rCorr    .         Harm     .   (no gloves)
MR       .....                  (no boots)
Stlth    ++........             (no amulet)
Regen    0.1/turn               (no ring)
MPRegen  0.2/turn               (no ring)

@: very slightly contaminated
A: no striking features
a: no special abilities


You were on level 2 of the Dungeon.
You were not hungry.

You visited 1 branch of the dungeon, and saw 2 of its levels.

You collected 39 gold pieces.

Inventory:

Hand Weapons
 j - a +0 dagger
 k - a -2 short sword
 l - a +0 short sword (weapon)
Missiles
 d - 29 stones (quivered)
 g - 2 javelins
Armour
 a - a +0 robe (worn)
Scrolls
 e - 2 scrolls of teleportation
 f - a scroll of remove curse
 m - a scroll of identify
 n - a scroll of blinking
 o - a scroll of enchant weapon {unknown}
Potions
 h - a potion of cancellation {unknown}
Books
 b - a Young Poisoner's Handbook

   Spells                             Type                      Level
   a - Sting                          Conjuration/Poison           1
   b - Poisonous Vapours              Poison/Air                   2
   c - Mephitic Cloud                 Conjuration/Poison/Air       3
   d - Olgreb's Toxic Radiance        Poison                       4
   e - Venom Bolt                     Conjuration/Poison           5
Comestibles
 c - 2 chunks of flesh


   Skills:
 + Level 0.1 Fighting
 + Level 2.8 Dodging
 + Level 3.1 Stealth
 + Level 4.1 Spellcasting
 + Level 1.4 Conjurations
 + Level 1.1 Air Magic
 + Level 4.2 Poison Magic


You had 8 spell levels left.
You knew the following spells:

 Your Spells              Type           Power        Failure   Level  Hunger
a - Sting                 Conj/Pois      ###.         3%          1    None
b - Poisonous Vapours     Pois/Air       ###...       6%          2    #......


Dungeon Overview and Level Annotations

Branches:
Dungeon (2/15)

Altars:

Annotations:
D:2 Natasha


Message History

* * * LOW HITPOINT WARNING * * *
The shadow imp disappears in a puff of smoke!
The goblin shoots a stone.
The stone barely misses you.
The goblin shoots a stone.
The stone hits you.
* * * LOW HITPOINT WARNING * * *
You see here a stone.
Natasha casts a spell.
Casting: Sting
Confirm with . or Enter, or press ? or * to list all spells.
Aiming: Sting
Press: ? - help, Shift-Dir - straight line, f - goblin
Aim: a goblin, wielding a dagger The sting hits the crimson imp.
The crimson imp is lightly wounded.
Natasha claws you but does no damage.
The crimson imp grins evilly.
You barely miss Natasha.
Natasha is severely wounded.
Natasha claws you.
You die...

#.......### #.........#
#.........# #8.....
#....#....# #......
#...).....# #8.gg..
#.........# #.g....
#.......### #8g.g..
####.......######...g..
#.....@.####....#8.....
#.....h...##)...#(.....
#....)#5..##5.g........
#.....#..g##..g).......
#.....#...##.gg........
#.)...#..gg..##........
#.....#(...5.######....
#.....#(.....# #....
#######...#### #....


You could see Natasha, 2 crimson imps, a hobgoblin and 2 goblins.

Vanquished Creatures
  4 gnolls (D:2)
  An ooze (D:2)
  3 worms (D:2)
  2 dart slugs
  A leopard gecko (D:1)
  2 giant cockroaches
  5 goblins
  5 hobgoblins
  4 jackals (D:1)
  5 kobolds (D:1)
  3 bats
  A frilled lizard (D:2)
  3 rats
39 creatures vanquished.

Notes
Turn   | Place    | Note
-------+----------+-------------------------------------------
     0 | D:1      | Mimshu the Deep Elf Venom Mage began the quest for the Orb.
     0 | D:1      | Reached XP level 1. HP: 10/10 MP: 6/6
   653 | D:1      | Reached XP level 2. HP: 15/15 MP: 6/8
  1592 | D:2      | Learned a level 2 spell: Poisonous Vapours
  1732 | D:2      | Reached XP level 3. HP: 19/19 MP: 6/9
  2634 | D:2      | Reached XP level 4. HP: 15/24 MP: 0/12
  3066 | D:2      | Reached skill level 1 in Air Magic
  3509 | D:2      | Noticed Natasha
  3531 | D:2      | Slain by Natasha

Skill      XL: |  1  2  3  4 |
---------------+-------------+-----
Poison Magic   | 4 |  4.2
Stealth        | 3 |  3.1
Spellcasting   | 4 |  4.1
Air Magic      | 1 |  1.1
Fighting       | |  0.1
Dodging        | |  2.8
Conjurations   | |  1.4

Action                   |  1- 3 |  4- 6 || total
-------------------------+-------+-------++-------
Melee: Dagger            |     4 |       ||     4
       Short sword       |     5 |    24 ||    29
 Cast: Sting             |    32 |    14 ||    46
       Poisonous Vapours |    22 |    24 ||    46
  Use: Scroll            |     6 |       ||     6
       Potion            |       |     1 ||     1
  Eat: Bread ration      |     1 |     1 ||     2
       Chunk             |     1 |       ||     1
Armor: Robe              |     6 |    11 ||    17
Dodge: Dodged            |    40 |    24 ||    64
